Map: Lightshade LE

Players

PRIME

  • Race: Terran Terran
  • League: Diamond
  • Spawn Location: 11:00

TopFivHotKys - Winner!

  • Race: Protoss Protoss
  • League: Master
  • Spawn Location: 5:00

VOD

Have the link to the VOD?

Description

Time

  • Played on: Dec. 7, 2020, 7:07 a.m.
  • Length: 18:46
Show
View Real Time Build Order
Export as new Build Order

PRIME Terran 

Build Orders:  

Get SALT Encoding   

  12  0:00  SCV  
  13  0:17  SCV, Supply Depot  
  14  0:29  SCV  
  15  0:40  Barracks  
  15  0:44  Refinery, SCV  
  16  0:56  SCV  
  17  1:12  SCV  
  17  1:22  Engineering Bay  
  17  1:28  Refinery  
  17  1:33  Marine  
  17  1:39  Bunker  
  18  1:42  SCV  
  18  1:55  Factory  
  18  1:59  Orbital Command  
  18  2:20  Supply Depot  
  18  2:30  Supply Depot  
  18  2:38  Factory Tech Lab  
  18  2:42  Marine  
  19  2:52  SCV  
  20  2:59  Marine  
  20  3:02  Siege Tank  
  24  3:06  SCV  
  25  3:17  Marine  
  25  3:18  SCV  
  27  3:23  Starport  
  27  3:30  SCV  
  28  3:48  SCV  
  28  3:53  Supply Depot  
  29  3:56  Siege Tank  
  29  3:59  Missile Turret  
  32  4:19  Starport Tech Lab  
  32  4:20  SCV  
  33  4:31  Command Center  
  33  4:32  SCV  
  34  4:45  SCV  
  35  4:47  Cloaking Field  
  35  4:50  Banshee  
  35  4:59  Marine  
  33  5:03  Missile Turret  
  33  5:16  Cyclone  
  36  5:26  Marine  
  34  5:40  SCV  
  34  6:03  Siege Tank  
  36  6:05  Banshee  
  39  6:28  SCV  
  40  6:35  Siege Tank  
  43  6:40  SCV  
  41  6:54  SCV  
  41  6:55  Orbital Command  
  38  7:07  SCV, Cyclone  
  39  7:17  Missile Turret  
  39  7:18  Missile Turret  
  39  7:20  Missile Turret  
  39  7:25  Barracks Tech Lab  
  39  7:26  Barracks  
  39  7:29  Barracks  
  38  7:49  Cyclone  
  41  7:53  SCV  
  42  8:05  SCV  
  43  8:07  Stimpack, Missile Turret  
  43  8:13  Missile Turret  
  41  8:30  Refinery  
  41  8:34  SCV  
  42  8:36  Barracks Reactor x2  
  42  8:43  Engineering Bay  
  42  8:53  Orbital Command  
  42  8:58  Cyclone  
  42  8:59  Mag-Field Accelerator  
  45  9:14  Marine x5  
  47  9:30  Cyclone  
  50  9:32  Marine x3  
  49  9:52  Marine x4  
  49  9:57  Starport  
  50  10:10  Marine x2  
  52  10:15  Marine  
  52  10:17  Marine  
  54  10:24  SCV  
  55  10:32  Marine x2  
  55  10:33  Marine  
  58  10:41  Medivac  
  60  10:51  Marine  
  60  10:56  SCV  
  62  11:14  Supply Depot  
  62  11:35  Medivac, Marine  
  62  11:36  Marine x2  
  62  11:37  Marine x2  
  69  11:53  Marine  
  70  12:02  Orbital Command  
  70  12:16  SCV  
  70  12:20  Marine x4  
  71  12:35  Marine  
  71  12:36  Medivac  
  72  12:38  Marine x3  
  75  12:49  Marine  
  73  12:56  Marine  
  74  13:03  SCV  
  75  13:13  Marine  
  75  13:16  SCV  
  75  13:18  Marine  
  78  13:20  Marine  
  78  13:36  Marine  
  78  13:41  SCV  
  78  14:01  Marine  
  77  14:08  Marine  
  78  14:11  Supply Depot  
  78  14:12  Supply Depot  
  78  14:13  Terran Infantry Weapons Level 1, Supply Depot  
  78  14:14  Marine  
  78  14:15  Marine x2  
  77  14:19  Marine  
  70  14:25  Marine  
  66  14:32  Marine  
  66  14:33  Marine x2  
  66  14:37  Marine  
  60  14:54  Barracks x2  
  60  14:55  Marine  
  60  14:57  Concussive Shells  
  60  14:59  Marine x3  
  62  15:00  Marine  
  63  15:12  Medivac, Marine  
  61  15:22  SCV  
  61  15:28  Marine x4  
  63  15:31  Marauder, Siege Tank  
  63  15:34  SCV  
  71  15:44  Barracks Tech Lab  
  71  15:47  SCV  
  71  15:48  Barracks Reactor  
  72  15:52  Marauder  
  72  15:55  Missile Turret  
  72  15:56  Missile Turret  
  74  15:59  SCV  
  75  16:11  SCV  
  73  16:14  Marauder  
  75  16:21  Starport Reactor  
  75  16:22  Marine x3  
  75  16:23  Marauder  
  80  16:31  Supply Depot  
  80  16:35  Marauder  
  82  16:44  Marauder  
  81  16:56  Marine  
  81  16:57  Marine x6  
  83  17:02  Medivac x2  
  83  17:05  Marine  
  83  17:06  SCV  
  89  17:09  Refinery, Missile Turret  
  89  17:11  Missile Turret  
Show
View Real Time Build Order
Export as new Build Order

TopFivHotKys Protoss - Winner!

Build Orders:  

Get SALT Encoding   

  12  0:00  Probe  
  13  0:12  Probe  
  14  0:19  Pylon  
  14  0:24  Probe  
  15  0:38  Forge  
  15  0:44  Probe  
  16  0:56  Pylon  
  15  1:19  Photon Cannon  
  15  1:20  Photon Cannon  
  15  1:23  Gateway  
  15  1:27  Probe  
  16  1:39  Probe  
  17  1:52  Probe  
  18  1:56  Assimilator  
  18  2:00  Assimilator  
  18  2:04  Probe  
  19  2:12  Pylon  
  19  2:16  Cybernetics Core  
  19  2:20  Zealot  
  19  2:22  Probe  
  22  2:34  Probe (Chrono Boost)  
  24  2:46  Probe (Chrono Boost)  
  24  2:51  Probe (Chrono Boost)  
  24  2:57  Pylon  
  25  3:00  Probe  
  26  3:08  Stalker  
  26  3:12  Shield Battery  
  28  3:13  Shield Battery  
  28  3:18  Stargate  
  28  3:23  Probe  
  29  3:38  Stalker  
  31  3:48  Photon Cannon  
  31  4:07  Void Ray (Chrono Boost)  
  33  4:20  Shield Battery  
  34  4:28  Nexus  
  33  4:34  Photon Cannon  
  33  5:07  Pylon  
  33  5:12  Fleet Beacon  
  33  5:15  Shield Battery  
  33  5:31  Void Ray  
  33  5:32  Probe  
  38  5:55  Photon Cannon  
  37  5:59  Photon Cannon  
  33  6:10  Photon Cannon  
  33  6:11  Shield Battery  
  33  6:19  Pylon  
  32  6:31  Probe  
  33  6:34  Twilight Council  
  33  6:43  Probe  
  34  6:55  Photon Cannon, Probe  
  35  7:12  Probe  
  35  7:15  Tempest  
  41  7:21  Shield Battery  
  41  7:24  Probe  
  41  7:28  Probe  
  43  7:34  Assimilator  
  43  7:36  Assimilator, Probe  
  44  7:48  Photon Cannon, Probe  
  45  7:52  Pylon  
  45  7:59  Blink  
  45  8:01  Probe  
  46  8:11  Tempest  
  51  8:13  Probe  
  52  8:25  Probe  
  53  8:44  Photon Cannon  
  53  8:45  Shield Battery  
  54  8:48  Probe  
  54  8:54  Tempest  
  54  8:55  Gateway  
  59  9:00  Probe (Chrono Boost)  
  59  9:01  Pylon  
  60  9:09  Pylon  
  60  9:12  Probe (Chrono Boost)  
  61  9:17  Photon Cannon  
  61  9:55  Tempest (Chrono Boost)  
  61  9:56  Probe  
  61  9:58  Probe  
  61  9:59  Gateway  
  68  10:00  Stalker  
  68  10:04  Gateway  
  70  10:08  Probe  
  70  10:10  Probe  
  70  10:14  Pylon  
  72  10:22  Probe (Chrono Boost)  
  73  10:29  Pylon  
  73  10:30  Stalker, Oracle (Chrono Boost)  
  73  10:32  Probe (Chrono Boost)  
  79  10:38  Pylon  
  79  10:39  Gateway  
  79  10:52  Pylon  
  79  11:04  Stalker x3  
  81  11:08  Pylon  
  85  11:30  Nexus  
  85  11:34  Pylon  
  85  11:41  Stalker  
  85  11:42  Stalker  
  89  12:05  Stalker  
  89  12:06  Stalker  
  93  12:11  Stalker  
  93  12:12  Stalker  
  97  12:24  Tempest  
  100  12:35  Stalker  
  100  12:36  Stalker  
  104  12:41  Stalker  
  62  15:02  Zealot x3  
  62  15:03  Zealot  
  62  15:06  Gateway  
  68  15:08  Gateway  
  68  15:10  Cybernetics Core  
  68  15:14  Void Ray  
  68  15:18  Templar Archives  
  68  15:19  Pylon  
  72  15:23  Zealot  
  72  15:27  Zealot x2  
  72  15:30  Charge (Chrono Boost)  
  72  15:34  Pylon  
  72  15:35  Zealot  
  80  15:38  Forge  
  80  15:46  Zealot  
  80  15:47  Probe  
  81  15:51  Void Ray  
  81  15:52  Psionic Storm  
  91  15:59  Probe  
  98  16:11  Probe  
  98  16:16  Photon Cannon  
  98  16:17  Photon Cannon  
  95  16:19  Photon Cannon  
  95  16:20  High Templar x3, Photon Cannon  
  95  16:21  High Templar x2  
  95  16:22  Photon Cannon, Pylon  
  95  16:24  Probe  
  100  16:27  Shield Battery  
  100  16:28  Void Ray  
  100  16:35  Photon Cannon  
  104  16:40  Assimilator  
  104  16:44  Assimilator  
  104  16:55  High Templar (Chrono Boost)  
  114  17:06  Stalker (Chrono Boost)  
  114  17:07  Stalker x3 (Chrono Boost)  
  116  17:19  Stalker (Chrono Boost)  
  116  17:25  Stalker (Chrono Boost)  
  116  17:29  Stalker x3  
  122  17:30  Stalker  
  126  17:43  Stalker  
  117  18:07  Nexus  
  117  18:09  Pylon  
Tags
 
Add a new tag
Caveats
  • Supply blocks, unpowered buildings, or Contaminate may cause inaccurate times.
  • Supply counts are checked every 10 seconds.